Map: Altitude LE

Players

IIIIIIIIIIII

  • Race: Zerg Zerg
  • Spawn Location: 7:00

NORTHAMERICA - Winner!

  • Race: Protoss Protoss
  • League: Master
  • Spawn Location: 1:00

VOD

Have the link to the VOD?

Description

Time

  • Played on: April 2, 2023, 3:40 a.m.
  • Length: 18:06
Show
View Real Time Build Order
Export as new Build Order

IIIIIIIIIIII Zerg 

Build Orders: Hatch First 

Get SALT Encoding   

  12  0:01  Drone  
  13  0:12  Overlord  
  13  0:17  Drone  
  14  0:30  Drone x2  
  16  0:48  Hatchery  
  15  0:52  Drone  
  15  0:56  Drone  
  17  0:59  Drone  
  18  1:09  Extractor  
  17  1:15  Spawning Pool  
  17  1:18  Drone  
  17  1:21  Drone  
  18  1:27  Drone  
  19  1:38  Drone  
  20  1:49  Overlord  
  20  2:01  Queen x2  
  20  2:02  Zergling x4  
  26  2:10  Metabolic Boost  
  26  2:11  Drone  
  26  2:14  Drone  
  28  2:21  Drone  
  28  2:22  Drone  
  30  2:37  Hatchery  
  30  2:38  Drone  
  30  2:41  Drone  
  31  2:47  Queen  
  33  2:51  Overlord  
  33  2:55  Drone  
  33  2:56  Drone  
  33  2:58  Drone  
  36  3:09  Overlord, Queen  
  38  3:14  Drone x2  
  38  3:15  Drone  
  38  3:17  Drone  
  42  3:24  Zergling x4  
  44  3:28  Queen  
  44  3:32  Drone x2  
  48  3:34  Overlord  
  48  3:37  Drone  
  49  3:44  Drone x3  
  51  3:49  Queen  
  51  3:52  Drone x3  
  51  3:54  Drone  
  56  3:57  Spore Crawler  
  56  4:00  Spore Crawler  
  56  4:02  Zergling x4  
  56  4:09  Overlord  
  56  4:10  Drone  
  56  4:11  Overlord  
  56  4:15  Overlord  
  57  4:19  Overlord  
  57  4:23  Overlord  
  57  4:28  Spore Crawler  
  57  4:30  Drone x5  
  61  4:31  Drone  
  61  4:33  Drone  
  63  4:39  Zergling x8  
  63  4:45  Roach Warren  
  66  4:47  Overlord  
  66  4:48  Drone  
  66  4:50  Drone x2  
  66  4:52  Drone  
  70  4:53  Drone  
  70  4:58  Lair  
  70  5:00  Drone x2  
  70  5:01  Drone  
  70  5:04  Drone x2  
  75  5:10  Overlord, Zergling x4  
  75  5:13  Drone  
  75  5:14  Drone x3  
  81  5:20  Extractor x2  
  81  5:21  Extractor  
  78  5:28  Roach x7  
  92  5:29  Drone  
  93  5:37  Hatchery  
  93  5:41  Drone x3  
  95  5:45  Drone x2  
  95  5:48  Extractor  
  95  5:52  Zergling x18  
  102  6:01  Zergling x2  
  102  6:03  Glial Reconstitution  
  101  6:05  Overseer  
  101  6:08  Zergling x6  
  102  6:16  Spire  
  100  6:18  Extractor, Drone x9  
  103  6:27  Zergling x8  
  103  6:30  Queen x2  
  106  6:39  Drone x3  
  98  6:41  Drone  
  98  6:46  Drone  
  98  6:47  Drone x2, Queen  
  98  6:48  Drone x7  
  105  6:55  Queen  
  105  6:57  Zergling x8  
  105  7:01  Overlord  
  111  7:06  Evolution Chamber  
  110  7:15  Zergling x16  
  116  7:24  Hatchery  
  116  7:27  Corruptor x4  
  116  7:32  Corruptor x2  
  116  7:35  Corruptor  
  120  7:43  Spire, Extractor  
  114  7:51  Extractor, Drone x2  
  113  7:53  Zerg Missile Weapons Level 1  
  113  7:54  Overlord  
  113  7:56  Drone x3  
  113  7:57  Drone x3  
  119  8:02  Queen x3  
  119  8:03  Queen  
  127  8:06  Hatchery  
  127  8:07  Overlord  
  127  8:09  Overlord x3  
  126  8:25  Overlord x6  
  122  8:41  Queen x2  
  122  8:47  Hatchery  
  125  8:57  Corruptor x8  
  139  9:02  Corruptor x2  
  139  9:03  Hatchery  
  141  9:12  Corruptor x2  
  145  9:17  Corruptor x2, Pneumatized Carapace  
  148  9:24  Zerg Flyer Armor Level 1  
  148  9:29  Corruptor x3  
  152  9:33  Corruptor  
  152  9:35  Zergling x10  
  159  9:42  Zergling x14  
  165  9:46  Corruptor x2  
  167  9:56  Roach x6  
  159  10:02  Roach x4  
  159  10:04  Corruptor  
  151  10:12  Drone x7  
  151  10:13  Infestation Pit  
  149  10:21  Spore Crawler  
  149  10:24  Corruptor x3  
  149  10:25  Drone x4  
  158  10:35  Zerg Melee Weapons Level 1  
  158  10:40  Baneling Nest  
  157  10:45  Corruptor x3  
  163  10:50  Corruptor  
  165  11:00  Corruptor x2  
  165  11:03  Zergling x38  
  183  11:12  Corruptor x2  
  185  11:21  Roach x5  
  188  11:32  Roach x10  
  187  11:39  Drone x4  
  179  11:41  Extractor  
  179  11:46  Queen x4  
  179  11:47  Queen  
  184  11:52  Roach x4  
  198  11:54  Overlord  
  198  12:07  Overlord x5  
  185  12:11  Overlord  
  178  12:18  Roach x6  
  178  12:21  Roach x4  
  178  12:22  Overlord  
  181  12:27  Roach x2  
  171  12:30  Roach x3  
  171  12:32  Queen x4  
  177  12:37  Roach x2  
  177  12:39  Ravager  
  177  12:40  Ravager x6  
  177  12:43  Roach x2  
  181  12:46  Roach x2  
  181  12:47  Ravager x4  
  174  12:53  Roach  
  174  12:54  Roach  
  167  12:59  Roach x2  
  167  13:03  Roach x2  
  157  13:08  Queen  
  157  13:11  Roach x2  
  163  13:14  Roach x2, Queen x3  
  164  13:20  Roach x2  
  164  13:26  Roach  
  164  13:27  Roach x3  
  158  13:32  Roach  
  158  13:33  Roach x2  
  148  13:35  Roach  
  148  13:39  Roach x2  
  138  13:52  Extractor x2  
  136  13:58  Roach  
  136  13:59  Roach x5  
  136  14:01  Zerg Missile Weapons Level 2  
  148  14:13  Hive  
  148  14:16  Hatchery  
  145  14:17  Extractor  
  145  14:23  Drone x4  
  148  14:27  Centrifugal Hooks  
  148  14:33  Overseer  
  148  14:35  Zergling x18  
  148  14:36  Zergling x10  
  162  14:43  Zergling x6  
  165  14:50  Overseer  
  165  14:55  Queen x3  
  165  14:57  Overlord  
  171  15:02  Spore Crawler  
  171  15:03  Drone  
  171  15:06  Spine Crawler  
  162  15:15  Zergling x14  
  164  15:21  Drone x3  
  157  15:28  Drone x3  
  158  15:38  Viper x2  
  158  15:40  Viper  
  160  16:04  Hatchery  
  159  16:14  Roach x10  
  159  16:17  Greater Spire  
  179  16:25  Overseer  
  179  16:27  Extractor  
  179  16:32  Adrenal Glands  
  178  16:39  Roach x3  
  173  16:41  Overseer  
  173  16:52  Corruptor x3  
  179  16:58  Overseer  
  179  17:01  Corruptor  
  175  17:09  Corruptor x2  
  178  17:16  Corruptor  
  178  17:18  Drone x2  
  180  17:35  Corruptor x4, Drone x9  
Show
View Real Time Build Order
Export as new Build Order

NORTHAMERICA Protoss - Winner!

Build Orders: 1 Gate Expand 

Get SALT Encoding   

  12  0:00  Probe  
  13  0:12  Probe  
  14  0:19  Pylon  
  14  0:24  Probe  
  15  0:37  Probe (Chrono Boost)  
  15  0:39  Gateway  
  16  0:48  Assimilator  
  16  0:49  Probe (Chrono Boost)  
  17  0:53  Probe (Chrono Boost)  
  18  1:04  Probe  
  19  1:16  Probe  
  20  1:25  Nexus  
  20  1:35  Cybernetics Core  
  20  1:38  Probe  
  21  1:45  Assimilator  
  21  1:50  Probe  
  22  1:54  Pylon  
  22  2:02  Probe (Chrono Boost)  
  23  2:10  Adept (Chrono Boost)  
  23  2:13  Probe (Chrono Boost)  
  26  2:19  Probe  
  26  2:22  Stargate  
  27  2:32  Probe (Chrono Boost)  
  28  2:37  Stalker  
  28  2:39  Probe (Chrono Boost)  
  28  2:44  Warp Gate  
  32  2:49  Probe x2 (Chrono Boost)  
  33  2:54  Probe (Chrono Boost)  
  33  2:55  Probe  
  35  3:06  Probe  
  35  3:07  Probe  
  37  3:17  Void Ray (Chrono Boost)  
  37  3:18  Probe  
  37  3:19  Probe  
  43  3:26  Assimilator  
  43  3:28  Assimilator  
  43  3:30  Probe  
  43  3:31  Probe  
  43  3:33  Gateway  
  43  3:38  Pylon  
  43  3:42  Probe  
  43  3:43  Probe  
  45  3:49  Pylon  
  45  3:52  Adept  
  45  3:56  Probe  
  45  4:02  Fleet Beacon  
  46  4:04  Probe (Chrono Boost)  
  48  4:11  Stargate  
  48  4:13  Probe (Chrono Boost)  
  48  4:16  Probe (Chrono Boost)  
  49  4:21  Probe (Chrono Boost)  
  49  4:22  Probe (Chrono Boost)  
  51  4:31  Probe  
  52  4:32  Probe, Nexus  
  52  4:35  Pylon  
  53  4:42  Pylon  
  53  4:43  Probe  
  54  4:50  Tempest (Chrono Boost)  
  54  4:53  Probe  
  54  4:55  Probe  
  61  5:05  Probe  
  67  5:07  Probe  
  67  5:11  Tempest (Chrono Boost)  
  67  5:12  Pylon  
  68  5:17  Probe  
  68  5:19  Probe  
  70  5:22  Pylon  
  70  5:27  Tempest (Chrono Boost)  
  70  5:30  Probe  
  70  5:31  Probe  
  77  5:42  Probe  
  78  5:43  Adept  
  78  5:47  Adept  
  78  5:48  Tempest (Chrono Boost), Probe  
  78  5:49  Probe  
  87  6:00  Tempest (Chrono Boost), Probe  
  87  6:03  Shield Battery  
  91  6:07  Adept x2  
  95  6:12  Probe  
  95  6:16  Probe, Assimilator  
  95  6:18  Probe  
  98  6:20  Assimilator  
  98  6:31  Protoss Air Weapons Level 1, Pylon  
  98  6:32  Shield Battery  
  98  6:33  Adept  
  100  6:43  Void Ray  
  100  6:47  Probe  
  100  6:49  Unknown  
  100  6:51  Void Ray  
  100  6:59  Robotics Facility  
  100  7:00  Forge  
  100  7:01  Probe  
  101  7:05  Shield Battery  
  101  7:09  Twilight Council  
  101  7:10  Probe x2  
  101  7:13  Probe  
  104  7:15  Adept  
  104  7:22  Shield Battery, Probe  
  107  7:23  Probe  
  109  7:31  Void Ray  
  109  7:43  Charge  
  109  7:47  Protoss Ground Weapons Level 1 (Chrono Boost)  
  109  7:53  Gateway  
  109  7:54  Gateway  
  109  7:58  Pylon x2  
  109  8:00  Gateway  
  109  8:01  Gateway  
  109  8:04  Photon Cannon  
  109  8:16  Probe, Observer  
  109  8:17  Nexus  
  109  8:18  Pylon, Templar Archives  
  119  8:21  Void Ray  
  119  8:22  Void Ray  
  117  8:33  Probe  
  118  8:36  Probe  
  118  8:39  Gateway  
  118  8:40  Observer  
  118  8:41  Gateway, Probe  
  120  8:44  Flux Vanes  
  121  8:52  Protoss Air Weapons Level 2 (Chrono Boost)  
  121  8:54  Void Ray  
  121  8:55  Probe  
  122  8:58  Photon Cannon  
  122  8:59  Zealot x2  
  122  9:00  Photon Cannon  
  122  9:01  Probe, Observer, Shield Battery  
  128  9:03  Pylon, Psionic Storm  
  128  9:04  Probe  
  128  9:07  Probe  
  130  9:13  Probe, High Templar  
  130  9:14  Pylon  
  133  9:21  Probe x2  
  133  9:23  Pylon x2  
  134  9:26  Probe  
  134  9:30  Probe  
  136  9:33  Probe  
  136  9:35  Observer  
  136  9:37  High Templar x2  
  142  9:42  Stalker x3  
  148  9:47  Zealot x3  
  149  10:03  Void Ray (Chrono Boost)  
  149  10:06  Archon  
  135  10:07  Stalker x3  
  135  10:08  Stalker x2  
  143  10:25  High Templar x2, Photon Cannon x3  
  143  10:27  Void Ray (Chrono Boost)  
  147  10:29  Protoss Ground Weapons Level 2 (Chrono Boost)  
  147  10:37  Zealot x5, Blink  
  157  10:49  Assimilator  
  157  10:50  Zealot  
  157  10:51  Assimilator  
  163  11:01  Stalker, Void Ray  
  163  11:02  Photon Cannon  
  155  11:04  Photon Cannon  
  155  11:10  Zealot x4  
  155  11:11  Zealot  
  160  11:15  Stalker x2  
  164  11:23  Pylon  
  158  11:27  Dark Shrine  
  158  11:28  Pylon  
  158  11:29  Zealot  
  160  11:33  Zealot  
  160  11:34  Zealot x2  
  162  11:44  Nexus  
  160  11:48  High Templar  
  160  11:49  High Templar x3  
  160  11:53  Archon x2  
  172  12:04  Void Ray  
  172  12:06  Zealot x4  
  172  12:22  Void Ray  
  162  12:25  Stalker x3  
  158  12:36  Zealot x4  
  160  12:48  Stalker  
  160  12:49  Stalker x2  
  166  13:02  Nexus  
  166  13:08  Stalker x2  
  164  13:23  Void Ray  
  164  13:25  Archon  
  158  13:33  Void Ray (Chrono Boost)  
  140  13:37  High Templar x5  
  130  14:03  Void Ray (Chrono Boost)  
  130  14:05  Protoss Ground Armor Level 1 (Chrono Boost)  
  134  14:13  Void Ray (Chrono Boost)  
  134  14:18  High Templar x2  
  134  14:22  Archon  
  134  14:23  Dark Templar, Nexus  
  140  14:26  Pylon  
  140  14:28  Dark Templar  
  142  14:36  Void Ray (Chrono Boost), High Templar  
  142  14:38  Zealot x3  
  154  14:43  Void Ray (Chrono Boost)  
  158  14:51  Photon Cannon  
  158  14:52  Photon Cannon  
  158  14:54  Shield Battery  
  158  15:01  Zealot  
  158  15:02  Zealot x3  
  166  15:07  Robotics Bay  
  170  15:15  Void Ray, Mothership (Chrono Boost)  
  172  15:37  Zealot x7  
  186  15:48  Carrier (Chrono Boost)  
  182  15:53  Pylon  
  186  15:57  Probe  
  186  15:59  Disruptor (Chrono Boost)  
  188  16:12  Carrier (Chrono Boost)  
  194  16:22  Photon Cannon  
  194  16:25  Photon Cannon  
  194  16:26  Shield Battery  
  194  16:27  Dark Templar, Pylon  
  196  16:33  Disruptor  
  197  16:50  Probe  
  197  16:52  Assimilator  
  198  16:56  Assimilator  
  198  16:57  High Templar  
  198  17:00  Pylon  
  196  17:36  Zealot  
  194  17:37  Zealot x3  
  200  17:51  Gateway  
  198  17:53  Gateway  
  198  17:55  Nexus  
  198  17:57  Gateway x2, Pylon  
Tags
 
Add a new tag
Caveats
  • Supply blocks, unpowered buildings, or Contaminate may cause inaccurate times.
  • Supply counts are checked every 10 seconds.